 Dungeon Crawl Stone Soup version 0.20.1-1-g8b1a95d (webtiles) character file.

368 dohliylev the Covert (level 6, -10/41 HPs)
             Began as a Vampire Enchanter on Dec 25, 2017.
             Killed by divine providence
             ... invoked by an orc priest
              (15 damage)
             ... on level 4 of the Dungeon.
             The game lasted 00:18:21 (5730 turns).

dohliylev the Covert (Vampire Enchanter)            Turns: 5730, Time: 00:18:22

Health: -10/41     AC:  5    Str:  7    XL:     6   Next: 41%
Magic:  2/9        EV: 13    Int: 19    God:
Gold:   144        SH:  0    Dex: 15    Spells: 3/9 levels left

rFire    . . .     SeeInvis +   v - -1 dagger (curse)
rCold    . . .     Gourm    .   (no shield)
rNeg     + . .     Faith    .   b - +0 robe
rPois    .         Spirit   .   w - +1 helmet
rElec    .         Reflect  .   z - +0 cloak
rCorr    .         Harm     .   (no gloves)
MR       .....                  (no boots)
Stlth    ++++......             c - amulet of inaccuracy (curse)
Regen    0.2/turn               (no ring)
MPRegen  0.2/turn               (no ring)

@: no status effects
A: fangs 3, see invisible, unbreathing
a: Bat Form


You were on level 4 of the Dungeon.
You were not thirsty.

You visited 1 branch of the dungeon, and saw 4 of its levels.

You collected 144 gold pieces.

Inventory:

Hand Weapons
 a - a +1 dagger
 k - a +0 dagger of chaos
 v - a cursed -1 dagger (weapon)
Armour
 b - a +0 robe (worn)
 i - a +0 helmet
 w - a +1 helmet (worn)
 z - a +0 cloak (worn)
Jewellery
 c - a cursed amulet of inaccuracy (around neck)
Scrolls
 l - a scroll of magic mapping {unknown}
 m - a scroll of enchant weapon {unknown}
 n - a scroll of fog
 o - a scroll of recharging {unknown}
 q - a scroll of fear
 t - a scroll of enchant armour
 u - a scroll of blinking
 x - a scroll of noise {unknown}
 y - a scroll of immolation {unknown}
Potions
 d - a potion of blood
 e - a potion of heal wounds {unknown}
 f - 2 potions of haste
 g - a potion of flight
 h - a potion of agility {unknown}
 j - a potion of might {unknown}
 s - 2 potions of cancellation
 A - a potion of berserk rage {unknown}


   Skills:
 + Level 1.9 Short Blades
 - Level 2.1 Dodging
 - Level 8.1 Stealth
 - Level 2.0 Spellcasting
 - Level 8.0 Hexes


You had 3 spell levels left.
You knew the following spells:

 Your Spells              Type           Power        Failure   Level  Hunger
a - Corona                Hex            ####...      1%          1    #......
b - Ensorcelled Hibernat  Hex/Ice        ###...       4%          2    ###....
c - Confuse               Hex            ####....     1%          3    ###....


Dungeon Overview and Level Annotations

Branches:
Dungeon (4/15)             Temple (0/1) D:4

Altars:
Cheibriados
Fedhas
Hepliaklqana
Kikubaaqudgha
Nemelex Xobeh
Xom

Annotations:
D:4 Natasha


Innate Abilities, Weirdness & Mutations

You have razor-sharp teeth.
You have supernaturally acute eyesight. (SInv)
You can survive without breathing.


Message History

Press: ? - help, Shift-Dir - straight line, f/p - orc priest
Aim: an orc priest, wielding a hand axe (chance to defeat MR: 48%)
The orc priest resists with some effort.
The orc wizard barely misses you.
The orc priest calls down the wrath of Beogh upon you.
Beogh smites you!
You closely miss the orc priest. The orc wizard hits you with a dagger.
The orc priest barely misses you.
The orc wizard mumbles some strange words.
The orc wizard blinks!
The orc priest begins to cast a cantrip, but forgets the words!
The orc priest casts a cantrip, but nothing happens.
The orc priest mumbles some strange prayers to Beogh against you.
You struggle to resist.
The orc priest calls down the wrath of Beogh upon you.
Beogh smites you!
* * * LOW HITPOINT WARNING * * *
The orc priest calls down the wrath of Beogh upon you.
Beogh smites you!
You die...

#........####......##...#.#
##........###........##..###..
##........o.......###.#..#.#.g
#..#.......o......# #.....g.#
..................## #........
..###..............##.....#.#..#
#..##....................#..##..
##..#.......................#
#.#
................@...........#
#.. ....(....................
..# #.. .......................#
....##.
#........[.............#.
.......
#.#....#.................
.......
#.#......................
.......
.##......................
.......
#..#.....................
.##.#..
.#....................... #....


You could see an orc priest and an orc wizard (wandering).

Vanquished Creatures
  3 crimson imps (D:4)
  A worker ant (D:4)
  Natasha (D:4)
  Robin (D:3)
  5 gnolls
  2 adders
  An ooze (D:1)
  2 worms (D:4)
  4 dart slugs
  3 leopard geckos
  13 orcs
  A ball python (D:2)
  9 bats
  5 giant cockroaches
  12 goblins
  15 hobgoblins
  8 jackals (D:2)
  3 quokkas
  6 frilled lizards
  5 kobolds
  5 rats
105 creatures vanquished.

Vanquished Creatures (others)
  3 plants (D:3)
3 creatures vanquished.

Grand Total: 108 creatures vanquished

Notes
Turn   | Place    | Note
-------+----------+-------------------------------------------
     0 | D:1      | dohliylev the Vampire Enchanter began the quest for the Orb.
     0 | D:1      | Reached XP level 1. HP: 13/13 MP: 3/3
   170 | D:1      | Reached XP level 2. HP: 6/19 MP: 1/5
   174 | D:1      | Learned a level 2 spell: Ensorcelled Hibernation
   247 | D:1      | Reached skill level 5 in Hexes
   300 | D:1      | Reached skill level 5 in Stealth
   635 | D:1      | Reached XP level 3. HP: 24/24 MP: 6/6
  1061 | D:2      | Found a hazy altar of Hepliaklqana.
  1157 | D:2      | Learned a level 3 spell: Confuse
  1994 | D:2      | Reached XP level 4. HP: 30/30 MP: 0/7
  2140 | D:3      | Found a sparkling altar of Nemelex Xobeh.
  3142 | D:3      | Found a blossoming altar of Fedhas.
  3143 | D:3      | Found an ancient bone altar of Kikubaaqudgha.
  3341 | D:3      | Found a blossoming altar of Fedhas.
  3394 | D:3      | Noticed Robin
  3500 | D:3      | Reached XP level 5. HP: 34/35 MP: 5/8
  3630 | D:3      | Killed Robin
  3715 | D:3      | Found a faded altar of an unknown god.
  4570 | D:4      | Found a snail-covered altar of Cheibriados.
  4673 | D:4      | Noticed Natasha
  4680 | D:4      | Killed Natasha
  4681 | D:4      | Found a staircase to the Ecumenical Temple.
  4899 | D:4      | Noticed Natasha
  5266 | D:4      | Found a shimmering altar of Xom.
  5272 | D:4      | Reached XP level 6. HP: 41/41 MP: 9/9
  5730 | D:4      | Killed from afar by an orc priest

Skill      XL: |  1  2  3  4  5  6 |
---------------+-------------------+-----
Hexes          | 5 7 8 |  8.0
Stealth        | 5 6 8 |  8.1
Short Blades   | |  1.9
Dodging        | |  2.1
Spellcasting   | |  2.0

Action                   |  1- 3 |  4- 6 || total
-------------------------+-------+-------++-------
Melee: Dagger            |   145 |   130 ||   275
       Bite              |     8 |     8 ||    16
 Cast: Corona            |     7 |     3 ||    10
       Ensorcelled Hiber |    31 |    60 ||    91
  Use: Potion            |       |    11 ||    11
       Scroll            |       |     6 ||     6
 Stab: Sleeping          |    25 |    42 ||    67
  Eat: Corpse            |     9 |     5 ||    14
Armor: Robe              |    39 |    20 ||    59
Dodge: Dodged            |   104 |    65 ||   169
